Map: Efflorescence LE

Players

BioMotor

  • Race: Terran Terran
  • League: Diamond
  • Spawn Location: 6:00

Антоний

  • Race: Terran Terran
  • League: Diamond
  • Spawn Location: 9:00

qqq

  • Race: Protoss Protoss
  • Spawn Location: 3:00

Massa

  • Race: Terran Terran
  • League: Gold
  • Spawn Location: 12:00

VOD

Have the link to the VOD?

Description

Time

  • Played on: June 27, 2020, 5:12 a.m.
  • Length: 12:16
Show
View Real Time Build Order
Export as new Build Order

BioMotor Terran 

Build Orders:  

Get SALT Encoding   

  12  0:01  SCV  
  13  0:13  SCV  
  14  0:23  Supply Depot  
  14  0:25  SCV  
  15  0:45  SCV  
  16  0:51  Barracks  
  16  0:54  Barracks  
  15  1:23  SCV  
  16  1:31  Barracks  
  16  1:37  Supply Depot  
  16  1:38  Refinery  
  16  1:39  SCV  
  17  1:46  Marine x2  
  19  1:57  Orbital Command  
  19  2:05  Marine x2  
  21  2:21  Marine  
  22  2:22  Marine  
  22  2:23  Marine  
  22  2:29  Refinery  
  24  2:42  SCV  
  25  2:45  Marine x3  
  28  2:55  SCV  
  29  2:59  Factory  
  29  3:03  Barracks Tech Lab  
  29  3:19  Marine x2  
  31  3:26  Supply Depot  
  31  3:28  Supply Depot  
  31  3:39  Stimpack  
  31  3:44  Starport  
  31  3:51  Factory Tech Lab  
  30  4:28  Starport Reactor  
  28  4:45  Marine x2  
  28  4:46  Marine  
  28  4:47  Command Center  
  28  4:50  SCV  
  32  5:03  Marine x3  
  35  5:08  Medivac x2  
  37  5:25  Marine x2  
  39  5:37  Combat Shield  
  39  5:51  Supply Depot  
  39  5:53  Supply Depot  
  39  5:54  Supply Depot  
  39  5:58  Marine x2  
  39  6:03  Siege Tank  
  45  6:09  Marauder  
  47  6:11  SCV  
  47  6:23  SCV  
  48  6:26  Barracks Tech Lab  
  48  6:35  Barracks Reactor  
  33  6:59  Marine x2  
  33  7:00  Siege Tank  
  34  7:06  SCV  
  34  7:08  Orbital Command  
  35  7:16  Marine  
  35  7:17  Marine  
  35  7:18  SCV, Engineering Bay  
  35  7:20  Engineering Bay  
  35  7:21  Marine  
  35  7:22  Marine  
  40  7:29  Medivac  
  42  7:30  SCV  
  42  7:33  SCV  
  42  7:34  Marine  
  42  7:35  Marauder  
  47  7:39  Marine x2  
  47  7:43  SCV  
  50  7:46  SCV  
  51  7:52  Marine  
  51  7:53  Medivac  
  51  7:57  Refinery  
  54  7:59  Refinery  
  54  8:00  SCV x2  
  56  8:08  Medivac  
  56  8:09  Marine  
  56  8:10  Marauder, Marine  
  56  8:11  Marine  
  56  8:12  SCV x2  
  65  8:24  SCV x2  
  67  8:27  Marine  
  67  8:28  Marine x2  
  70  8:47  Marauder x2, Marine  
  70  8:48  Marine  
  76  8:50  SCV x2  
  76  8:54  Supply Depot  
  78  9:15  Marine x2  
  78  9:16  Marauder x2  
  84  9:25  Supply Depot  
  84  9:26  Supply Depot  
  84  9:28  Supply Depot  
  84  9:33  Marine x2  
  85  9:41  Marauder x2  
  84  9:46  Siege Tank  
  84  9:48  Supply Depot  
  84  9:51  Marine x2  
  89  10:02  Marine  
  90  10:11  Marine x2  
  90  10:12  Marauder  
  89  10:18  Medivac, Siege Tank  
  89  10:19  Medivac  
  89  10:20  Marauder  
  91  10:22  SCV x2  
  91  10:28  Marine  
  91  10:29  Marine  
  91  10:30  Armory  
  91  10:33  Marauder  
  91  10:34  SCV  
  96  10:42  Marauder  
  98  10:46  Marine x2  
  100  10:54  Marine  
  101  11:03  Marine  
  102  11:04  Marine x2  
  104  11:13  Command Center  
  104  11:16  Barracks x2  
  104  11:18  Barracks  
  104  11:26  Marauder x2, Marine x2  
  110  11:44  Marine x2  
  112  11:47  Marauder x2  
Show
View Real Time Build Order
Export as new Build Order

Антоний Terran 

Build Orders:  

Get SALT Encoding   

  12  0:03  SCV  
  13  0:15  SCV  
  14  0:26  Supply Depot  
  14  0:28  SCV  
  15  0:30  Refinery  
  15  0:45  Refinery  
  15  0:48  SCV  
  16  1:12  Barracks  
  16  1:15  SCV  
  16  1:27  SCV  
  16  1:32  Barracks  
  16  1:34  Supply Depot  
  16  1:37  Supply Depot  
  16  1:41  SCV  
  17  2:00  Barracks  
  16  2:26  Marine  
  17  2:46  Marine  
  17  2:47  Marine  
  19  2:53  Orbital Command  
  19  3:04  Marine  
  19  3:05  Marine  
  21  3:09  Factory  
  21  3:22  Marine  
  21  3:23  Marine  
  23  3:50  Marine  
  23  3:53  Barracks Tech Lab  
  23  4:07  Marine  
  24  4:14  Marauder  
  24  4:16  Factory Tech Lab  
  24  4:36  Marauder  
  26  4:40  Concussive Shells  
  26  4:42  Siege Tank  
  29  4:47  Starport  
  29  4:50  Factory  
  29  4:57  Marauder  
  29  4:58  Barracks Tech Lab  
  26  5:39  Marauder  
  26  5:40  Marauder  
  30  5:44  Starport Tech Lab  
  30  5:45  Factory Tech Lab  
  30  5:49  Supply Depot  
  30  5:51  SCV  
  31  6:01  Supply Depot  
  35  6:11  SCV, Siege Tank  
  35  6:22  Supply Depot  
  35  6:23  SCV  
  39  6:29  Siege Tank  
  39  6:34  Viking  
  39  6:35  SCV  
  42  6:42  Marauder x2  
  46  6:47  SCV  
  47  6:59  SCV  
  48  7:03  Marauder x2  
  48  7:06  Siege Tank  
  55  7:16  Supply Depot  
  55  7:20  Supply Depot  
  55  7:37  Siege Tank  
  55  7:41  SCV  
  59  7:44  Command Center  
  59  7:46  Viking  
  61  8:22  Armory  
  36  8:43  Marauder x2  
  36  8:46  Siege Tank x2  
  42  9:03  Orbital Command  
  42  9:04  SCV, Marauder x2  
  44  9:17  SCV  
  45  9:29  SCV  
  39  9:41  SCV  
  40  9:49  Marauder x2  
  44  9:53  SCV  
  44  9:54  Thor  
  44  9:58  Siege Tank  
  54  10:02  SCV  
  54  10:05  SCV  
  56  10:10  Marauder x2  
  60  10:14  SCV  
  60  10:17  SCV  
  62  10:26  SCV  
  63  10:46  Thor  
  62  11:03  Siege Tank  
  59  11:13  Refinery  
  59  11:14  Refinery, SCV x2  
  61  11:26  SCV  
  61  11:27  SCV  
  61  11:29  Hellbat  
  65  11:36  Hellbat  
  67  11:50  Hellbat  
  67  11:52  Factory  
  67  11:53  Factory  
  69  11:55  SCV x2  
  73  12:04  Supply Depot  
  73  12:05  Supply Depot  
  75  12:09  Supply Depot  
Show
View Real Time Build Order
Export as new Build Order

qqq Protoss 

Build Orders:  

Get SALT Encoding   

  12  0:02  Probe  
  13  0:18  Pylon  
  13  0:23  Probe  
  14  0:31  Assimilator  
  14  0:35  Probe  
  15  0:45  Gateway  
  15  0:53  Probe  
  16  1:06  Probe  
  17  1:24  Probe  
  18  1:33  Zealot  
  18  1:36  Probe  
  18  1:37  Cybernetics Core  
  21  2:00  Zealot  
  23  2:11  Gateway x2  
  23  2:29  Pylon  
  22  2:39  Probe  
  23  2:47  Stalker  
  23  2:48  Pylon  
  25  2:57  Probe  
  26  3:04  Stalker  
  28  3:09  Probe  
  28  3:12  Stalker  
  31  3:17  Stalker  
  33  3:34  Stalker  
  35  3:42  Adept  
  35  3:47  Stalker  
  39  4:12  Assimilator  
  39  4:18  Stalker  
  39  4:20  Probe  
  38  4:32  Probe  
  39  4:47  Pylon  
  39  4:49  Pylon  
  39  4:51  Pylon  
  39  4:55  Pylon  
  39  5:05  Probe, Stalker x3  
  46  5:17  Probe  
  43  5:35  Stalker x3  
  49  5:49  Nexus  
  49  5:59  Robotics Facility  
  49  6:11  Twilight Council  
  49  6:15  Adept  
  51  6:21  Adept  
  53  6:29  Stalker  
  35  7:01  Probe  
  36  7:13  Probe, Warp Prism  
  39  7:18  Probe  
  40  7:25  Probe  
  41  7:30  Probe  
  42  7:38  Probe  
  42  7:42  Probe  
  44  7:50  Probe  
  45  7:54  Probe  
  45  7:58  Blink  
  46  8:06  Probe  
  46  8:09  Stalker  
  46  8:11  Stalker  
  51  8:18  Probe  
  46  8:30  Probe  
  47  8:38  Dark Shrine  
  47  8:43  Probe  
  48  8:54  Stalker x3  
  48  8:55  Probe  
  55  9:07  Probe  
  48  9:19  Probe  
  51  9:24  Zealot  
  51  9:31  Probe  
  52  9:43  Probe  
  53  9:57  Nexus  
  28  10:12  Nexus  
  27  10:43  Probe  
  28  10:55  Probe  
  25  11:07  Probe  
  27  11:11  Probe  
  27  11:19  Probe  
  27  11:23  Probe  
  29  11:31  Probe x2  
  31  11:35  Probe  
  32  11:43  Probe  
  32  11:44  Probe  
  34  11:47  Probe  
  27  11:56  Probe  
  27  11:59  Probe  
  27  12:00  Probe  
Show
View Real Time Build Order
Export as new Build Order

Massa Terran 

Build Orders:  

Get SALT Encoding   

  12  0:04  SCV  
  13  0:16  Supply Depot  
  13  0:22  SCV  
  14  0:34  SCV  
  15  0:51  SCV  
  15  1:16  Barracks  
  15  1:26  SCV  
  16  1:38  SCV  
  17  1:49  Barracks  
  15  2:18  SCV  
  16  2:30  SCV  
  17  2:39  Refinery  
  17  2:42  SCV  
  17  2:44  Command Center  
  18  2:50  Marine  
  18  2:54  SCV  
  18  2:57  Barracks  
  19  3:06  SCV  
  19  3:08  Marine  
  21  3:18  SCV  
  22  3:26  Marine  
  23  3:28  Supply Depot  
  23  3:39  Barracks  
  23  3:41  Barracks  
  23  3:50  Factory  
  23  3:52  Marine x2  
  25  3:56  SCV  
  26  4:07  SCV  
  26  4:09  SCV, Marine  
  28  4:10  Marine  
  28  4:14  Engineering Bay  
  30  4:19  SCV  
  30  4:21  SCV  
  32  4:27  Marine  
  32  4:28  Barracks Tech Lab  
  33  4:31  SCV  
  33  4:34  Orbital Command  
  34  4:41  Factory Tech Lab  
  34  4:43  SCV  
  35  4:47  Barracks Reactor  
  35  4:48  Barracks Tech Lab  
  35  4:50  Concussive Shells  
  35  4:54  Marauder, Marine  
  38  5:02  SCV  
  38  5:03  Refinery  
  38  5:05  SCV  
  40  5:14  SCV  
  40  5:15  Marauder  
  40  5:16  Marauder  
  40  5:17  SCV  
  46  5:24  Supply Depot  
  46  5:26  Supply Depot  
  46  5:32  Missile Turret  
  46  5:35  Orbital Command  
  46  5:45  SCV, Marine, Siege Tank  
  53  5:50  Marauder  
  53  5:51  Marine  
  56  5:57  SCV, Marauder, Marine  
  56  6:03  Marine  
  59  6:05  SCV  
  59  6:10  Marine  
  61  6:15  Marine  
  61  6:17  Supply Depot  
  62  6:21  Refinery  
  62  6:32  Stimpack  
  62  6:39  SCV x2, Marauder  
  66  6:51  SCV  
  66  6:52  Combat Shield  
  67  6:56  Terran Infantry Weapons Level 1  
  67  7:04  Command Center  
  67  7:09  Starport  
  67  7:15  Refinery  
  67  7:18  SCV x2  
  69  7:30  SCV  
  69  7:35  Missile Turret  
  70  7:47  Supply Depot  
  70  7:48  Supply Depot  
  70  7:49  Supply Depot  
  70  7:50  Supply Depot  
  70  8:05  Supply Depot  
  70  8:08  SCV, Marine, Medivac  
  70  8:09  Marauder x2  
  70  8:10  Engineering Bay, Marine, Siege Tank  
  70  8:12  Supply Depot  
  82  8:16  Armory  
  82  8:27  Supply Depot  
  82  8:30  Marauder x2  
  71  8:51  Marauder  
  71  8:55  Marauder, Marine  
  75  8:56  Marine x2  
  75  9:01  SCV x2  
  80  9:13  SCV, Marauder, Marine  
  80  9:14  Marine x2  
  80  9:17  Marauder  
  88  9:31  Marine  
  88  9:34  Marauder  
  88  9:38  Marauder  
  69  9:51  Marine x2  
  69  9:52  Marine  
  72  9:56  Marauder  
  72  9:59  Marauder  
  76  10:00  Missile Turret  
  76  10:02  Missile Turret  
  76  10:03  Missile Turret  
  76  10:05  Missile Turret  
  76  10:09  Marine x3  
  66  10:17  Marauder  
  66  10:19  Siege Tank  
  66  10:21  Marauder  
  69  10:27  Marine x3  
  72  10:38  Marauder  
  72  10:42  Marauder  
  76  10:44  Marine  
  76  10:45  Orbital Command, SCV  
  76  10:46  SCV  
  73  10:52  Siege Tank  
  71  10:57  SCV  
  71  10:58  SCV  
  71  11:00  Marauder  
  71  11:03  Marauder  
  73  11:09  SCV  
  73  11:10  SCV, Medivac  
  77  11:21  SCV, Marauder  
  77  11:22  SCV  
  77  11:25  Marauder  
  83  11:34  SCV x2, Factory  
  83  11:39  Refinery  
  85  11:40  Command Center, Medivac  
  85  11:42  Refinery  
  87  11:59  Sensor Tower  
Tags
 
Add a new tag
Caveats
  • Supply blocks, unpowered buildings, or Contaminate may cause inaccurate times.
  • Supply counts are checked every 10 seconds.